 Dungeon Crawl Stone Soup version 0.26-a0-854-gdc81c2f471 (webtiles) character file.

Game seed: 16748452576302634261

6988 saihenjin the Basher (level 11, -4/66 HPs)
             Began as a Gargoyle Fighter on Nov 24, 2020.
             Was an Elder of Cheibriados.
             Slain by a white ugly thing (25 damage)
             ... on level 10 of the Dungeon.
             The game lasted 00:49:38 (8555 turns).

saihenjin the Basher (Gargoyle Fighter)             Turns: 8555, Time: 00:49:39

Health: -4/66      AC: 26    Str: 33    XL:     11   Next: 8%
Magic:  1/12       EV:  9    Int: 19    God:    Cheibriados [****..]
Gold:   651        SH: 16    Dex: 19    Spells: 10/10 levels left

rFire    . . .     SeeInvis .   j - +4 flail (drain)
rCold    . . .     Faith    +   c - +2 kite shield
rNeg     + . .     Spirit   .   d - +0 plate armour
rPois    ∞         Reflect  .   L - +1 helmet of Perisapikh {*Slow rCorr Slay+5}
rElec    +         Harm     .   (no cloak)
rCorr    +         Rampage  .   g - +0 pair of gloves
MR       +....                  B - +0 pair of boots
Stlth    ..........             p - amulet of faith
HPRegen  0.21/turn              F - ring of protection from magic
MPRegen  0.13/turn              s - ring of resist corrosion

@: mighty, very slow
A: negative energy resistance 1, electricity resistance, unbreathing,
petrification resistance, rot immunity, AC +8
a: Bend Time, Temporal Distortion, Slouch, Renounce Religion


You were on level 10 of the Dungeon.
You worshipped Cheibriados.
Cheibriados was greatly pleased with you.
You visited 1 branch of the dungeon, and saw 10 of its levels.

You collected 651 gold pieces.

Inventory:

Hand Weapons
 b - a +0 mace of protection
 j - a +4 flail of draining (weapon)
 q - a +1 whip of flaming
 x - a +2 vorpal mace
Missiles
 r - 16 poisoned darts (quivered)
Armour
 c - a +2 kite shield (worn)
 d - a +0 plate armour (worn)
 g - a +0 pair of gloves (worn)
 v - a +0 robe of positive energy
 B - a +0 pair of boots (worn)
 L - the +1 helmet of Perisapikh (worn) {*Slow rCorr Slay+5}
   (You found it on level 9 of the Dungeon)

   It affects your accuracy and damage with ranged weapons and melee attacks
   (+5).
   It provides partial protection from all sources of acid and corrosion.
   It may slow you when you take damage.
Jewellery
 k - an uncursed ring of protection from cold
 p - an amulet of faith (around neck)
 s - a ring of resist corrosion (right hand)
 F - a ring of protection from magic (left hand)
Wands
 a - a wand of disintegration (7)
 C - a wand of flame (9)
 D - a wand of polymorph (4)
 K - a wand of paralysis (6)
Scrolls
 h - 7 scrolls of remove curse
 m - 5 scrolls of teleportation
 t - a scroll of immolation {unknown}
 z - 4 scrolls of amnesia
 A - a scroll of fog
Potions
 n - a potion of cancellation
 u - a potion of magic {unknown}
 w - 2 potions of flight
 E - a potion of brilliance
 G - a potion of berserk rage {unknown}
 I - a potion of heal wounds {unknown}
 J - a potion of mutation {unknown}


   Skills:
 + Level 6.9 Fighting
 + Level 10.7 Maces & Flails
 + Level 0.4 Throwing
 + Level 7.6 Armour
 + Level 3.6 Dodging
 + Level 1.2 Stealth
 + Level 9.6 Shields
 + Level 2.2 Invocations


You had 10 spell levels left.
You didn't know any spells.
Your spell library contained the following spells:

 Spells                   Type           Power        Failure   Level
 Beastly Appendage        Tmut           #.....       96%         1
 Wereblood                Tmut           #.......     99%         2
 Spider Form              Tmut/Pois      #.........   100%        3
 Ice Form                 Ice/Tmut       #.......     100%        4
 Blade Hands              Tmut           #.........   100%        5


Dungeon Overview and Level Annotations

Branches:
Dungeon (10/15)            Temple (0/1) D:6
   Lair: D:8-11         Orc: D:9-12

Altars:
Cheibriados
Dithmenos
Elyvilon
Fedhas
Kikubaaqudgha
Ru
Uskayaw


Innate Abilities, Weirdness & Mutations

You are resistant to torment.
Your stone body is resilient. (AC +8)
You are immune to poison.
You resist negative energy. (rN+)
You are resistant to electric shocks. (rElec)
You can survive without breathing.
You are immune to petrification.
You are immune to rotting.


Message History

You block the white ugly thing's attack.
The flow of time bends around you.
The white ugly thing resists with some effort.
You block the white ugly thing's attack.
The flow of time bends around you.
The white ugly thing resists with some effort.
The white ugly thing tentacle-slaps you but does no damage.
The flow of time bends around you.
The white ugly thing easily resists.
You block the white ugly thing's attack.
Okay, then.
As you read the scroll of fog, it crumbles to dust.
The scroll dissolves into smoke.
You block the white ugly thing's attack.
The white ugly thing tentacle-slaps you but does no damage.
Drop what? 32/52 slots (_ for help) (? for menu, Esc to quit)
Okay, then.
You feel very mighty all of a sudden.
The white ugly thing tentacle-slaps you!
The white ugly thing freezes you!!
You die...

#............. #.............
+............. #.............
#.....).......
##.............
.........F.....
.######F#################
......§§§§§§u@....#.....#
.......§§§§§F.....#.....#
.......§§§........#.....#
.#......§§........#.....#
#########'###....####'#######
#.....#......../......#
#.....#...............#
#.....#...............#
#.....#....<..........#


You could see a white ugly thing and a bullfrog.

Vanquished Creatures
  A two-headed ogre (D:8)
  Pikel (D:4)
  2 gargoyles
  A hornet (D:8)
  Grinder (D:4)
  3 yaks (D:10)
  The ghost of DocClef the Covert, an amateur GnDe (D:5)
  A wyvern (D:9)
  A water moccasin (D:7)
  The ghost of mhtbhm the Digger, an amateur GrEE (D:5)
  2 sky beasts
  An orc warrior (D:10)
  Purgy (D:4)
  A black bear (D:6)
  A necrophage (D:6)
  5 ogres
  A phantom (D:6)
  5 centaurs
  3 big kobolds
  A bullfrog (D:8)
  4 scorpions
  6 howler monkeys
  2 bullfrog zombies
  A centaur zombie (D:8)
  2 quasits
  7 hounds
  2 jellies
  4 centaur skeletons
  8 orc wizards
  3 bullfrog skeletons
  3 iguanas
  10 worker ants
  A hound zombie (D:8)
  Robin (D:3)
  A howler monkey zombie (D:8)
  A worker ant zombie (D:7)
  4 gnolls
  10 adders
  A howler monkey skeleton (D:6)
  A shadow imp (D:8)
  A white imp (D:8)
  An ufetubus (D:8)
  2 oozes
  4 adder skeletons
  4 worms
  2 dart slugs (D:1)
  13 leopard geckos
  18 orcs
  3 giant cockroaches
  23 goblins
  9 hobgoblins
  2 jackals (D:5)
  13 kobolds
  6 quokkas
  A ball python (D:3)
  7 bats
  7 frilled lizards
  A giant cockroach zombie (D:5)
  2 leopard gecko skeletons
  A quokka skeleton (D:4)
  A quokka zombie (D:5)
  16 rats
243 creatures vanquished.

Vanquished Creatures (others)
  20 plants (D:4)
  6 withered plants (D:5)
26 creatures vanquished.

Grand Total: 269 creatures vanquished

Notes
Turn   | Place    | Note
-------+----------+-------------------------------------------
     0 | D:1      | saihenjin the Gargoyle Fighter began the quest for the Orb.
     0 | D:1      | Reached XP level 1. HP: 14/14 MP: 1/1
   171 | D:1      | Reached XP level 2. HP: 18/19 MP: 2/2
   236 | D:1      | Reached XP level 3. HP: 24/24 MP: 3/3
   240 | D:1      | You fall into a shaft and drop 1 floor!
   766 | D:1      | Reached XP level 4. HP: 29/29 MP: 4/4
  1158 | D:2      | Found a shadowy altar of Dithmenos.
  1672 | D:3      | Found a sacrificial altar of Ru.
  1673 | D:3      | Found a snail-covered altar of Cheibriados.
  1685 | D:3      | Reached skill level 3 in Maces & Flails
  1749 | D:3      | Became a worshipper of Cheibriados the Contemplative
  1782 | D:3      | Reached XP level 5. HP: 25/33 MP: 5/5
  1811 | D:3      | Reached skill level 1 in Dodging
  2331 | D:3      | Noticed Robin
  2377 | D:3      | Killed Robin
  2499 | D:3      | Reached * piety under Cheibriados
  2528 | D:3      | Reached XP level 6. HP: 34/38 MP: 6/6
  2852 | D:4      | Found a blossoming altar of Fedhas.
  2897 | D:4      | Reached skill level 4 in Maces & Flails
  2959 | D:4      | Noticed Purgy
  2967 | D:4      | Killed Purgy
  2968 | D:4      | Reached skill level 5 in Shields
  2968 | D:4      | Reached XP level 7. HP: 43/43 MP: 7/7
  3468 | D:4      | Reached ** piety under Cheibriados
  3469 | D:4      | Reached skill level 5 in Maces & Flails
  3718 | D:4      | Noticed Grinder
  3736 | D:4      | Killed Grinder
  3737 | D:4      | Reached skill level 6 in Maces & Flails
  3737 | D:4      | Reached XP level 8. HP: 48/48 MP: 5/8
  4016 | D:5      | Entered Level 5 of the Dungeon
  4016 | D:5      | Noticed Pikel
  4038 | D:4      | Killed Pikel
  4039 | D:4      | Reached skill level 5 in Fighting
  4039 | D:4      | Reached skill level 7 in Maces & Flails
  4039 | D:4      | Reached skill level 5 in Armour
  4167 | D:5      | Reached *** piety under Cheibriados
  4283 | D:5      | Reached XP level 9. HP: 54/54 MP: 9/9
  4423 | D:5      | Found a runed translucent gate.
  4423 | D:5      | Found a runed translucent gate.
  4423 | D:5      | Found a runed translucent gate.
  4426 | D:5      | Noticed mhtbhm's ghost (amateur GrEE)
  4426 | D:5      | Noticed DocClef's ghost (amateur GnDe)
  4439 | D:5      | Killed DocClef's ghost
  4441 | D:5      | Killed mhtbhm's ghost
  4518 | D:5      | Reached skill level 8 in Maces & Flails
  4726 | D:6      | Found a snail-covered altar of Cheibriados.
  5008 | D:6      | Reached **** piety under Cheibriados
  5323 | D:6      | Found a white marble altar of Elyvilon.
  5329 | D:6      | Found a staircase to the Ecumenical Temple.
  5372 | D:6      | Reached skill level 9 in Maces & Flails
  5438 | D:7      | Noticed a gargoyle
  5450 | D:6      | Killed a gargoyle
  5451 | D:6      | Reached skill level 1 in Invocations
  5703 | D:7      | You fall into a shaft and drop 2 floors!
  5721 | D:9      | Found a hide-covered altar of Uskayaw.
  5757 | D:8      | Noticed a two-headed ogre
  5764 | D:8      | Killed a two-headed ogre
  5765 | D:8      | Reached XP level 10. HP: 51/61 MP: 9/11
  5816 | D:8      | Found an ancient bone altar of Kikubaaqudgha.
  6257 | D:7      | Reached skill level 10 in Maces & Flails
  7375 | D:9      | Reached ***** piety under Cheibriados
  7392 | D:9      | Got a pitted helmet
  7405 | D:9      | Identified the +1 helmet of Perisapikh {*Slow rCorr Slay+5}
                  | (You found it on level 9 of the Dungeon)
  7953 | D:10     | Entered Level 10 of the Dungeon
  7953 | D:10     | Noticed a gargoyle
  7957 | D:10     | Reached skill level 1 in Stealth
  7980 | D:9      | Killed a gargoyle
  7981 | D:9      | Reached XP level 11. HP: 9/66 MP: 3/12
  8536 | D:10     | Noticed a white ugly thing
  8555 | D:10     | Slain by a white ugly thing

Illustrated notes

Levels and vault maps discovered:
D:1:      sevenhm_arrival_forest_fort_small_3, layout_rooms
D:2:      layout_basic, grunt_dithmenos_smoke_and_mirrors
D:3:      layout_basic, chequers_temple_overflow_statue_of_worship, uniq_robin
D:4:      layout_loops_cross, fedhas_altar_2, lexackson_kobold_supper,
          uniq_grinder, uniq_purgy
D:5:      layout_cave_pools, gammafunk_ghost_cemetery, uniq_pikel
D:6:      layout_gridville, kennysheep_mini, temple_statues, lemuel_tele_altar
D:7:      layout_cave_pods
D:8:      layout_layer_cave, basic_altar, serial_bayou_pond_e,
          kennysheep_generic_room_6
D:9:      layout_loops_ring, basic_altar
D:10:     layout_grid_maze, dpeg_lair_monsters

Skill      XL: |  1  2  3  4  5  6  7  8  9 10 |
---------------+-------------------------------+-----
Armour         | 4 5 6 7 |  7.6
Maces & Flails | 3 4 6 7 9 10 | 10.7
Shields        | 4 5 6 8 9 |  9.6
Dodging        | 1 2 3 |  3.6
Fighting       | 4 5 6 |  6.9
Invocations    | 1 2 |  2.2
Stealth        | 1 |  1.2
Throwing       | |  0.4

Action                   |  1- 3 |  4- 6 |  7- 9 | 10-12 || total
-------------------------+-------+-------+-------+-------++-------
Melee: Flail             |   104 |   276 |   276 |   145 ||   801
Throw: Dart              |       |       |     3 |       ||     3
Invok: Bend Time         |       |     1 |     2 |     5 ||     8
       Slouch            |       |       |     1 |     2 ||     3
  Use: Scroll            |       |     6 |     8 |     6 ||    20
       Potion            |       |     5 |     3 |     6 ||    14
Armor: Scale mail        |    60 |   206 |   137 |    44 ||   447
       Chain mail        |       |       |       |    10 ||    10
       Plate armour      |       |       |       |     4 ||     4
Dodge: Dodged            |    47 |   103 |   101 |    43 ||   294
Block: Kite shield       |    59 |   189 |   185 |   118 ||   551

Table legend: (Time is in decaauts)
 A = Elapsed time spent in this place.
 B = Non-inter-level travel time spent in this place.
 C = Inter-level travel time spent in this place.
 D = Time resting spent in this place.
 E = Time spent auto-exploring this place.
 F = Levels seen in this place.
 G = Mean time per level.
                   A        B        C        D        E       F      G
               +--------+--------+--------+--------+--------+-----+--------+
         Total |  11668 |  11142 |    526 |   1130 |   6554 |  10 | 1166.8 |
       Dungeon |  11668 |  11142 |    526 |   1130 |   6554 |  10 | 1166.8 |
               +--------+--------+--------+--------+--------+-----+--------+

Top non-repeatable levels by time:
     D:9: 1727 daAuts
     D:4: 1662 daAuts
     D:8: 1501 daAuts
     D:3: 1429 daAuts
     D:6: 1365 daAuts
     D:7: 1249 daAuts
     D:2: 855 daAuts
     D:5: 827 daAuts
     D:1: 790 daAuts
    D:10: 261 daAuts
